Map: Wieczne Imperium ER

Players

kers

  • Race: Protoss Protoss
  • League: Platinum
  • Spawn Location: 1:00

bbbb - Winner!

  • Race: Protoss Protoss
  • League: Gold
  • Spawn Location: 7:00

VOD

Have the link to the VOD?

Description

Time

  • Played on: March 5, 2020, 2:34 p.m.
  • Length: 17:15
Show
View Real Time Build Order
Export as new Build Order

kers Protoss 

Build Orders: 1 Gate Expand 

Get SALT Encoding   

  12  0:00  Probe  
  13  0:12  Probe  
  14  0:18  Pylon  
  14  0:25  Probe  
  15  0:37  Probe (Chrono Boost)  
  15  0:38  Gateway  
  16  0:48  Assimilator  
  16  0:49  Probe (Chrono Boost)  
  18  0:58  Probe (Chrono Boost)  
  18  1:03  Probe  
  19  1:15  Probe  
  20  1:28  Nexus  
  20  1:39  Cybernetics Core  
  20  1:41  Probe  
  21  1:53  Probe  
  22  1:59  Pylon  
  21  2:05  Probe  
  22  2:17  Robotics Facility  
  22  2:18  Probe  
  22  2:20  Warp Gate (Chrono Boost)  
  22  2:21  Adept  
  25  2:30  Probe  
  25  2:36  Assimilator  
  26  2:41  Gateway  
  26  2:42  Probe  
  27  2:45  Probe  
  28  2:54  Probe  
  28  2:57  Stalker  
  31  2:59  Probe  
  32  3:06  Probe, Observer (Chrono Boost)  
  32  3:11  Probe  
  35  3:18  Probe  
  36  3:22  Pylon  
  36  3:23  Probe  
  37  3:30  Probe  
  38  3:35  Probe  
  38  3:40  Gateway, Immortal (Chrono Boost)  
  41  3:42  Probe  
  41  3:47  Probe  
  45  3:54  Probe  
  46  4:05  Stalker  
  48  4:26  Gateway  
  48  4:29  Gateway  
  48  4:32  Pylon  
  48  4:34  Pylon  
  48  4:37  Pylon  
  45  4:54  Stalker  
  45  4:56  Immortal (Chrono Boost)  
  51  5:04  Pylon  
  51  5:05  Pylon  
  51  5:06  Pylon  
  51  5:08  Pylon  
  51  5:11  Pylon  
  50  5:18  Sentry  
  50  5:20  Stalker  
  54  5:26  Stalker  
  54  5:27  Immortal (Chrono Boost)  
  60  5:39  Observer  
  60  5:41  Probe  
  61  5:47  Stalker  
  63  5:53  Probe  
  64  6:03  Observer  
  65  6:06  Stalker  
  65  6:07  Stalker  
  69  6:11  Twilight Council  
  69  6:20  Stalker  
  71  6:33  Stalker  
  71  6:38  Nexus  
  73  6:46  Pylon  
  73  6:52  Sentry  
  75  7:02  Immortal  
  79  7:15  Zealot x3  
  85  7:32  Probe  
  85  7:36  Assimilator  
  86  7:40  Assimilator  
  86  7:44  Probe  
  86  7:45  Templar Archives  
  87  7:52  Forge  
  87  8:18  Probe x2  
  89  8:25  Protoss Ground Weapons Level 1 (Chrono Boost)  
  93  8:30  Probe  
  93  8:31  Probe  
  95  8:44  Nexus  
  95  8:49  Pylon  
  95  8:59  Observer  
  92  9:10  Stargate  
  92  9:11  Stargate  
  92  9:13  Stargate  
  92  9:23  Assimilator  
  92  9:24  Protoss Air Weapons Level 1  
  92  9:27  Probe x2  
  92  9:28  Assimilator  
  92  9:30  Pylon  
  94  9:32  Photon Cannon  
  94  9:34  Stalker x2  
  98  9:39  Probe x2  
  100  10:05  Probe x3  
  103  10:17  Probe x3  
  103  10:18  Fleet Beacon  
  106  10:25  High Templar x2  
  110  10:29  Probe x3, High Templar x2  
  110  10:30  Archon  
  110  10:33  Archon  
  117  10:38  Warp Prism  
  117  10:41  Probe x2  
  117  10:42  Probe  
  122  10:47  Pylon  
  122  10:51  Pylon  
  122  10:52  Photon Cannon  
  122  10:56  Photon Cannon  
  122  11:00  Photon Cannon  
  122  11:02  Probe x2, Pylon  
  124  11:09  Gateway  
  124  11:11  Gateway  
  124  11:12  Probe  
  124  11:14  Probe x2  
  124  11:16  Tempest  
  132  11:21  Tempest  
  132  11:24  Probe  
  138  11:27  Protoss Shields Level 1 (Chrono Boost)  
  138  11:32  Tempest  
  143  11:45  High Templar x2  
  147  11:49  Archon  
  147  11:55  Pylon  
  147  11:58  Pylon  
  147  11:59  Tempest  
  152  12:04  Tempest  
  157  12:15  Tempest  
  157  12:17  Nexus  
  157  12:19  Pylon  
  157  12:22  Protoss Air Weapons Level 2  
  162  12:34  Mothership (Chrono Boost)  
  170  12:45  Gateway  
  170  12:48  Gateway x2  
  170  12:56  Charge  
  170  12:58  Zealot x2  
  170  12:59  Zealot x3  
  170  13:01  Zealot  
  178  13:12  Tempest  
  178  13:13  Tempest  
  180  13:26  Protoss Ground Weapons Level 2 (Chrono Boost)  
  180  13:40  Assimilator  
  180  13:45  Assimilator  
  180  13:59  Probe  
  180  14:00  Probe  
  180  14:02  High Templar x2  
  184  14:06  Archon  
  186  14:12  Tempest x2  
  186  14:14  Probe x2 (Chrono Boost)  
  200  14:28  Probe x2 (Chrono Boost)  
  200  14:52  Gateway x2  
  200  14:53  Protoss Air Armor Level 1  
  200  14:55  Gateway  
  186  15:23  Zealot  
  186  15:24  Zealot x4  
  196  15:36  Pylon  
  196  15:37  Pylon  
  131  16:28  High Templar x6  
  131  16:29  High Templar x5  
  131  16:32  Archon x2  
  126  16:33  Archon x3  
  98  16:42  Stalker  
  84  17:02  High Templar x3  
  66  17:09  Archon  
Show
View Real Time Build Order
Export as new Build Order

bbbb Protoss - Winner!

Build Orders:  

Get SALT Encoding   

  12  0:02  Probe (Chrono Boost)  
  13  0:12  Probe (Chrono Boost)  
  14  0:20  Pylon  
  14  0:21  Probe  
  15  0:38  Probe  
  15  0:39  Gateway  
  16  0:51  Probe  
  16  0:55  Gateway  
  17  1:03  Probe (Chrono Boost)  
  18  1:05  Assimilator  
  18  1:17  Pylon  
  18  1:25  Gateway  
  18  1:26  Zealot  
  20  1:40  Cybernetics Core  
  20  1:47  Pylon  
  20  1:49  Zealot  
  22  2:05  Zealot  
  24  2:12  Zealot  
  26  2:19  Stalker  
  28  2:31  Assimilator  
  28  2:32  Stalker  
  28  2:34  Probe (Chrono Boost)  
  31  2:43  Stalker  
  34  2:44  Probe (Chrono Boost)  
  34  2:49  Zealot  
  36  2:59  Probe  
  36  3:05  Stalker  
  39  3:16  Pylon  
  39  3:34  Probe (Chrono Boost), Stalker x2  
  44  3:42  Pylon, Stalker  
  46  4:10  Stalker x2  
  50  4:17  Stalker  
  50  5:02  Stalker x2  
  54  5:28  Nexus  
  54  5:33  Pylon  
  54  5:35  Pylon  
  54  5:36  Probe (Chrono Boost)  
  55  5:50  Probe (Chrono Boost)  
  55  5:51  Zealot x2, Stalker  
  60  5:59  Probe  
  61  6:10  Stargate, Twilight Council  
  61  6:12  Probe, Robotics Facility  
  62  6:19  Pylon  
  62  6:23  Zealot  
  64  6:26  Probe (Chrono Boost)  
  65  6:38  Probe (Chrono Boost)  
  67  6:40  Probe (Chrono Boost)  
  67  6:46  Charge (Chrono Boost)  
  67  6:47  Probe (Chrono Boost)  
  69  6:56  Probe (Chrono Boost)  
  69  7:00  Probe (Chrono Boost)  
  70  7:02  Observer  
  70  7:07  Probe (Chrono Boost), Void Ray  
  76  7:10  Zealot  
  76  7:13  Zealot  
  80  7:30  Pylon  
  80  7:32  Pylon  
  80  7:35  Stalker  
  82  7:44  Stalker x2  
  86  7:49  Probe (Chrono Boost)  
  88  7:54  Probe (Chrono Boost)  
  89  7:59  Probe (Chrono Boost), Assimilator  
  89  8:02  Assimilator  
  89  8:03  Probe (Chrono Boost)  
  90  8:06  Probe  
  90  8:08  Forge  
  91  8:13  Probe  
  91  8:18  Probe  
  93  8:30  Probe (Chrono Boost)  
  95  8:35  Probe (Chrono Boost)  
  95  8:43  Stargate  
  95  8:47  Stargate  
  95  8:56  Void Ray  
  95  8:59  Zealot x3  
  105  9:08  Nexus  
  105  9:15  Protoss Shields Level 1 (Chrono Boost)  
  105  9:28  Void Ray  
  109  9:46  Pylon x2  
  109  9:51  Pylon  
  109  10:03  Void Ray x2  
  117  10:10  Protoss Air Weapons Level 1 (Chrono Boost)  
  117  10:14  Zealot x3  
  123  10:29  Pylon x2  
  123  10:42  Void Ray  
  127  10:45  Zealot x3  
  133  10:52  Assimilator  
  133  10:53  Probe  
  133  10:54  Probe x2  
  133  10:56  Assimilator  
  136  10:59  Protoss Ground Weapons Level 1 (Chrono Boost)  
  136  11:06  Void Ray  
  136  11:07  Void Ray  
  144  11:24  Void Ray  
  148  11:45  Fleet Beacon  
  148  11:49  Void Ray  
  148  11:51  Void Ray  
  156  11:55  Protoss Air Armor Level 1  
  156  12:01  Zealot  
  156  12:02  Pylon, Zealot x2  
  156  12:03  Pylon  
  162  12:24  Void Ray  
  166  12:30  Unknown  
  166  12:32  Void Ray  
  166  12:33  Pylon  
  166  12:36  Void Ray  
  174  12:37  Pylon  
  174  12:38  Protoss Ground Armor Level 1  
  174  13:04  Observer  
  174  13:26  Void Ray x3  
  186  13:37  Zealot  
  186  13:38  Zealot x2  
  180  14:20  Stargate  
  180  14:22  Stargate  
  180  14:35  Pylon  
  180  14:48  Carrier x2  
  192  14:54  Carrier  
  190  15:23  Carrier  
  193  15:39  Probe x3  
  190  15:51  Probe x3  
  193  16:04  Carrier  
  179  16:48  Zealot x3  
Tags
 
Add a new tag
Caveats
  • Supply blocks, unpowered buildings, or Contaminate may cause inaccurate times.
  • Supply counts are checked every 10 seconds.